 Dungeon Sprint DCSS version 0.21-a0-47-g7c8f537 (webtiles) character file.

26 Kidiri the Insei (level 3, 0/34 HPs)
             Began as a Hill Orc Monk on June 8, 2017.
             Was a Believer of Wu Jian.
             Succumbed to a worker ant's poison
             ... in the Dungeon (Sprint VII: "The Pits").
             The game lasted 00:00:58 (126 turns).

Kidiri the Insei (Hill Orc Monk)                     Turns: 126, Time: 00:00:58

Health: 0/34       AC:  2    Str: 13    XL:     3   Next: 8%
Magic:  3/3        EV: 13    Int: 10    God:    Wu Jian [**....]
Gold:   0          SH:  0    Dex: 14    Spells: 2/2 levels left

rFire    . . .     SeeInvis .     - Unarmed
rCold    . . .     Gourm    .   (no shield)
rNeg     . . .     Faith    .   a - +0 robe
rPois    .         Spirit   .   (no helmet)
rElec    .         Reflect  .   (no cloak)
rCorr    .         Harm     .   (no gloves)
MR       .....     NoTele   +   (no boots)
Stlth    ++........             (no amulet)
Regen    0.2/turn               (no ring)
MPRegen  0.1/turn               (no ring)

@: lethally poisoned (0 -> -4), berserk cooldown, slowed, very slow
A: no striking features
a: Renounce Religion


You were in the Dungeon.
You worshipped Wu Jian.
Wu Jian was pleased with you.
You were not hungry.

You visited 1 branch

Inventory:

Armour
 a - a +0 robe (worn)
Scrolls
 h - a scroll of blinking
 k - 3 scrolls of remove curse
 l - 5 scrolls of amnesia
 m - a scroll of summoning
Potions
 e - a potion of haste
 f - 4 potions of magic
 g - 2 potions of berserk rage
 j - 2 potions of invisibility
Comestibles
 b - 8 bread rations
 i - 2 chunks of flesh
 n - 40 fruits
 o - 7 meat rations


   Skills:
 + Level 4.3 Fighting
 + Level 1.6 Armour
 * Level 3.5 Dodging
 * Level 3.0 Stealth
 * Level 4.5 Unarmed Combat


You had 2 spell levels left.
You didn't know any spells.

Dungeon Overview and Level Annotations

Branches:
Dungeon (1/1)

Altars:
Ashenzari
Cheibriados
Dithmenos
Elyvilon
Fedhas
Gozag
Hepliaklqana
Kikubaaqudgha
Makhleb
Nemelex Xobeh
Okawaru
Qazlal
Ru
Sif Muna
Trog
Uskayaw
Vehumet
Wu Jian
Xom
Yredelemnul
Zin
The Shining One
Beogh
Jiyva
Lugonu


Message History

You feel a strong urge to attack something.
You butcher the worker ant corpse.
You are no longer berserk.
You pass out from exhaustion.
You feel yourself slow down.
* * * LOW HITPOINT WARNING * * *
You feel sick.
* * * LOW HITPOINT WARNING * * *
You feel sick.
You can move again.
Things that are here:
a dagger; a chunk of flesh; 3 chunks of flesh
There is a lethal amount of poison in your body!
Unknown command.
Okay, then.
* * * LOW HITPOINT WARNING * * *
You feel sick.
* * * LOW HITPOINT WARNING * * *
You feel sick.
You die...

############
#_________.#
#_________.#
#_______...###########++
##########+##...........
#.?(.+)))+.##......#..#.
##########.##...........
#.......@..)'...........
#+#####'#####......#..#.
#..# #........... +..#
####+#####++ ####
#.......# #.......#
#.......# #...<...#
#.......#


There were no monsters in sight!

Vanquished Creatures
  A worker ant (D)
  An orc (D)
  A goblin (D)
3 creatures vanquished.

Notes
Turn   | Place    | Note
-------+----------+-------------------------------------------
     0 | D        | Kidiri the Hill Orc Monk began the quest for the Orb.
     0 | D        | Reached XP level 1. HP: 19/19 MP: 1/1
    64 | D        | Found a bloodstained altar of Trog.
    64 | D        | Found a deep blue altar of Sif Muna.
    64 | D        | Found a viscous altar of Jiyva.
    64 | D        | Found a hazy altar of Hepliaklqana.
    64 | D        | Found an opulent altar of Gozag.
    65 | D        | Found a glowing golden altar of the Shining One.
    65 | D        | Found a glowing silver altar of Zin.
    65 | D        | Found a basalt altar of Yredelemnul.
    65 | D        | Found a shimmering altar of Xom.
    65 | D        | Found an ornate altar of the Wu Jian Council.
    65 | D        | Found a sacrificial altar of Ru.
    65 | D        | Found a stormy altar of Qazlal.
    65 | D        | Found an iron altar of Okawaru.
    65 | D        | Found a sparkling altar of Nemelex Xobeh.
    65 | D        | Found a burning altar of Makhleb.
    65 | D        | Found a blossoming altar of Fedhas.
    65 | D        | Found a white marble altar of Elyvilon.
    65 | D        | Found a shadowy altar of Dithmenos.
    65 | D        | Found a snail-covered altar of Cheibriados.
    68 | D        | Found a corrupted altar of Lugonu.
    68 | D        | Found a radiant altar of Vehumet.
    68 | D        | Found a roughly hewn altar of Beogh.
    69 | D        | Found an ancient bone altar of Kikubaaqudgha.
    69 | D        | Found a hide-covered altar of Uskayaw.
    69 | D        | Found a shattered altar of Ashenzari.
    76 | D        | Became a worshipper of the Wu Jian Council
    76 | D        | Reached * piety under Wu Jian
    76 | D        | Reached ** piety under Wu Jian
    92 | D        | Noticed a worker ant
   116 | D        | Killed a worker ant
   116 | D        | Reached skill level 1 in Armour
   116 | D        | Reached XP level 2. HP: 6/28 MP: 2/2
   116 | D        | Reached XP level 3. HP: 8/34 MP: 3/3
   124 | D        | HP: 1/34 [poisoned by a worker ant]
   126 | D        | Succumbed to a worker ant's poison

Vault maps used:
D:        pitsprint

Skill      XL: |  1  2  3 |
---------------+----------+-----
Fighting       | 4 |  4.3
Armour         | 1 |  1.6
Dodging        | 3 |  3.5
Stealth        | 2 3 |  3.0
Unarmed Combat | 4 |  4.5

Action                   || total
-------------------------++-------
Melee: Unarmed           ||    29
       Punch             ||     1
  Use: Potion            ||     3
Armor: Robe              ||     2
Dodge: Dodged            ||    16
